 Dungeon Sprint DCSS version 0.30.0-18-gc0e69614cb (webtiles) character file.

Game seed: 13894666819574734376

1392 Groucho the Blocker (level 8, -10/72 HPs)
             Began as a Gnoll Fighter on May 23, 2023.
             Was an Elder of Cheibriados.
             Killed from afar by an acid dragon (21 damage)
             ... with a splash of acid
             ... in the Dungeon (Sprint IX: "|||||||||||||||||||||||||||||").
             The game lasted 00:02:29 (668 turns).

Groucho the Blocker (Gnoll Fighter)                  Turns: 668, Time: 00:02:29

Health: -10/72     AC:  8    Str: 27    XL:     8   Next: 68%
Magic:  18/18      EV: 16    Int: 23    God:    Cheibriados [****..]
Gold:   0          SH:  8    Dex: 23    Spells: 21/21 levels left

rFire   . . .        n - +3 war axe "Bikhlanu" {venom, rPois Int+3}
rCold   . . .        c - +0 buckler
rNeg    . . .        p - +2 ring mail
rPois   +            o - +0 helmet
rElec   .            a - +0 cloak
rCorr   .            (no gloves)
SInv    .            (no boots)
Will    .....        (no amulet)
Stlth   +++          b - +3 ring of intelligence
HPRegen 0.32/turn    q - +3 ring of strength
MPRegen 0.16/turn

%: no teleportation
@: corroded, very slow
A: fangs 1, strong nose, distributed training
a: Renounce Religion, Bend Time, Temporal Distortion, Slouch


You were in the Dungeon.
You worshipped Cheibriados.
Cheibriados was greatly pleased with you.
You visited 1 branch

Inventory:

Hand Weapons
 m - a +2 heavy morningstar
 n - the +3 war axe "Bikhlanu" (weapon) {venom, rPois Int+3}
   (You found it in the Dungeon)

   Int:       It affects your intelligence (+3).
   rPois:     It protects you from poison.
Armour
 a - a +0 cloak (worn)
 c - a +0 buckler (worn)
 o - a +0 helmet (worn)
 p - a +2 ring mail (worn)
Jewellery
 b - a +3 ring of intelligence (left hand)
 q - a +3 ring of strength (right hand)
Wands
 l - a wand of roots (10)
Scrolls
 j - 2 scrolls of blinking
 k - 2 scrolls of amnesia
Potions
 d - a potion of might
 e - a potion of invisibility
 g - a potion of haste
 h - 4 potions of magic
 i - 3 potions of curing


   Skills:
 + Level 9.7 Fighting
 + Level 7.0 Short Blades
 + Level 7.0 Long Blades
 + Level 7.0 Axes
 + Level 7.0 Maces & Flails
 + Level 8.5 Polearms
 + Level 7.0 Staves
 + Level 7.0 Ranged Weapons
 + Level 7.0 Throwing
 + Level 9.7 Armour
 + Level 7.0 Dodging
 + Level 7.0 Stealth
 + Level 9.7 Shields
 + Level 7.0 Unarmed Combat
 + Level 7.0 Spellcasting
 + Level 5.8 Conjurations
 + Level 5.8 Hexes
 + Level 5.8 Summonings
 + Level 5.8 Necromancy
 + Level 5.8 Translocations
 + Level 5.8 Transmutations
 + Level 5.8 Fire Magic
 + Level 5.8 Ice Magic
 + Level 5.8 Air Magic
 + Level 5.8 Earth Magic
 + Level 5.8 Poison Magic
 + Level 7.7 Invocations
 + Level 7.0 Evocations


You had 21 spell levels left.
You didn't know any spells.
Your spell library was empty.

Dungeon Overview and Level Annotations

Branches:
Dungeon (1/1)

Altars:
Cheibriados
Dithmenos
Elyvilon
Fedhas
Gozag
Hepliaklqana
Kikubaaqudgha
Makhleb
Nemelex Xobeh
Okawaru
Qazlal
Ru
Sif Muna
Trog
Uskayaw
Vehumet
Wu Jian
Xom
Yredelemnul
Zin
The Shining One
Jiyva
Lugonu


Innate Abilities, Weirdness & Mutations

You have very sharp teeth.
Your uncanny sense of smell can sniff out nearby items.
Your experience applies equally to all skills.


Message History

Unknown command.
You barely miss the acid dragon.
The acid dragon is severely wounded.
The acid dragon barely misses you. You block the acid dragon's attack.
The acid dragon bites you.
* * * LOW HITPOINT WARNING * * *
The acid dragon claws you but does no damage.
Unknown command.
Unknown command.
You feel better. The acid dragon spits acid at you.
The splash of acid hits you!!
* * * LOW HITPOINT WARNING * * *
The acid corrodes you!
Unknown command.
Unknown command.
You hit the acid dragon.
The acid dragon is poisoned.
The acid dragon is severely wounded.
The acid dragon misses you.
The acid dragon claws you but does no damage.
Unknown command.
Unknown command.
Unknown command.
You hit the acid dragon but do no damage.
The acid dragon is almost dead.
The acid dragon bites you.
* * * LOW HITPOINT WARNING * * *
The acid dragon barely misses you.
Unknown command.
Unknown command.
Unknown command.
Blink to where?
Press: ? - help, Dir - move target
Okay, then.
Activating: Slouch (8% risk of failure)
Press: ? - help, Dir - look around, f - activate You fail to use your ability.
The acid dragon spits acid at you. The splash of acid hits you!!
You die...

∆∆∆∆ ∆ ∆∆∆∆
▓▓▓▓▓▓▓▓▓▓▓▓▓▓▓▓▓▓▓▓▓▓▓▓
..)...[..÷))....@Dc....+
▓▓▓▓▓▓▓▓▓▓▓▓▓▓▓▓▓▓▓▓▓▓▓▓


You could see a centaur warrior and an acid dragon (very poisoned, catching
breath).

Vanquished Creatures
  A cyclops (D)
  2 slime creatures (D)
  A yak (D)
  An acid dragon (D)
  An orc warrior (D)
  An ogre (D)
  A centaur (D)
  A killer bee (D)
  2 howler monkeys (D)
  A hound (D)
  2 iguanas (D)
  A worm (D)
  A dart slug (D)
  An endoplasm (D)
  A giant cockroach (D)
  A goblin (D)
  A rat (D)
20 creatures vanquished.

Notes
Turn   | Place    | Note
-------+----------+-------------------------------------------
     0 | D        | Groucho the Gnoll Fighter began the quest for the Orb.
     0 | D        | Reached XP level 1. HP: 23/23 MP: 1/1
    11 | D        | Reached skill level 1 in Invocations
    15 | D        | Reached skill level 1 in Short Blades
    15 | D        | Reached skill level 1 in Long Blades
    15 | D        | Reached skill level 1 in Axes
    15 | D        | Reached skill level 1 in Maces & Flails
    15 | D        | Reached skill level 1 in Staves
    15 | D        | Reached skill level 1 in Ranged Weapons
    15 | D        | Reached skill level 1 in Throwing
    15 | D        | Reached skill level 1 in Dodging
    15 | D        | Reached skill level 1 in Stealth
    15 | D        | Reached skill level 1 in Unarmed Combat
    15 | D        | Reached skill level 1 in Spellcasting
    15 | D        | Reached skill level 1 in Evocations
    24 | D        | Reached XP level 2. HP: 29/29 MP: 3/3
   210 | D        | Noticed an ogre
   215 | D        | Reached skill level 1 in Conjurations
   215 | D        | Reached skill level 1 in Hexes
   215 | D        | Reached skill level 1 in Summonings
   215 | D        | Reached skill level 1 in Necromancy
   215 | D        | Reached skill level 1 in Translocations
   215 | D        | Reached skill level 1 in Transmutations
   215 | D        | Reached skill level 1 in Fire Magic
   215 | D        | Reached skill level 1 in Ice Magic
   215 | D        | Reached skill level 1 in Air Magic
   215 | D        | Reached skill level 1 in Earth Magic
   215 | D        | Reached skill level 1 in Poison Magic
   221 | D        | Killed an ogre
   222 | D        | Reached skill level 5 in Polearms
   222 | D        | Reached XP level 3. HP: 36/36 MP: 3/7
   222 | D        | Reached XP level 4. HP: 43/43 MP: 3/8
   226 | D        | Reached XP level 5. HP: 39/48 MP: 3/9
   399 | D        | Found a snail-covered altar of Cheibriados.
   399 | D        | Found a shadowy altar of Dithmenos.
   399 | D        | Found a white marble altar of Elyvilon.
   399 | D        | Found a blossoming altar of Fedhas.
   399 | D        | Found an opulent altar of Gozag.
   400 | D        | Found a hazy altar of Hepliaklqana.
   401 | D        | Found a viscous altar of Jiyva.
   402 | D        | Found an ancient bone altar of Kikubaaqudgha.
   403 | D        | Became a worshipper of Cheibriados the Contemplative
   404 | D        | Found a corrupted altar of Lugonu.
   405 | D        | Found a burning altar of Makhleb.
   406 | D        | Found a sparkling altar of Nemelex Xobeh.
   407 | D        | Found an iron altar of Okawaru.
   408 | D        | Found a stormy altar of Qazlal.
   409 | D        | Found a sacrificial altar of Ru.
   410 | D        | Found a shimmering blue altar of Sif Muna.
   411 | D        | Found a bloodstained altar of Trog.
   412 | D        | Found a hide-covered altar of Uskayaw.
   413 | D        | Found a radiant altar of Vehumet.
   414 | D        | Found an ornate altar of the Wu Jian Council.
   415 | D        | Found a shimmering altar of Xom.
   416 | D        | Found a basalt altar of Yredelemnul.
   417 | D        | Found a glowing silver altar of Zin.
   418 | D        | Found a glowing golden altar of the Shining One.
   434 | D        | Got the +3 war axe "Bikhlanu" {venom, rPois Int+3}
   471 | D        | Noticed a yak
   471 | D        | Noticed an orc warrior
   471 | D        | Noticed a centaur
   476 | D        | Killed a yak
   477 | D        | Reached skill level 5 in Invocations
   477 | D        | Reached XP level 6. HP: 55/56 MP: 10/13
   480 | D        | Reached * piety under Cheibriados
   481 | D        | Reached skill level 5 in Short Blades
   481 | D        | Reached skill level 5 in Long Blades
   481 | D        | Reached skill level 5 in Axes
   481 | D        | Reached skill level 5 in Maces & Flails
   481 | D        | Reached skill level 5 in Staves
   481 | D        | Reached skill level 5 in Ranged Weapons
   481 | D        | Reached skill level 5 in Throwing
   481 | D        | Reached skill level 5 in Dodging
   481 | D        | Reached skill level 5 in Stealth
   481 | D        | Reached skill level 5 in Unarmed Combat
   481 | D        | Reached skill level 5 in Spellcasting
   481 | D        | Reached skill level 5 in Evocations
   490 | D        | Killed an orc warrior
   490 | D        | Reached ** piety under Cheibriados
   491 | D        | Reached XP level 7. HP: 60/63 MP: 12/15
   632 | D        | Noticed a slime creature
   632 | D        | Noticed a cyclops
   632 | D        | Noticed a slime creature
   632 | D        | Noticed a centaur warrior
   645 | D        | Killed a slime creature
   645 | D        | Reached *** piety under Cheibriados
   646 | D        | Reached skill level 5 in Conjurations
   646 | D        | Reached skill level 5 in Hexes
   646 | D        | Reached skill level 5 in Summonings
   646 | D        | Reached skill level 5 in Necromancy
   646 | D        | Reached skill level 5 in Translocations
   646 | D        | Reached skill level 5 in Transmutations
   646 | D        | Reached skill level 5 in Fire Magic
   646 | D        | Reached skill level 5 in Ice Magic
   646 | D        | Reached skill level 5 in Air Magic
   646 | D        | Reached skill level 5 in Earth Magic
   646 | D        | Reached skill level 5 in Poison Magic
   651 | D        | Reached **** piety under Cheibriados
   652 | D        | Reached XP level 8. HP: 36/71 MP: 17/17
   655 | D        | Killed a cyclops
   661 | D        | Killed a slime creature
   668 | D        | Killed from afar by an acid dragon

Illustrated notes

Levels and vault maps discovered:
D:        linesprint [early_d, line_temple, items_1, d_10, items_2, lair_1,
          lair_end, items_3, orc_1, orc_end, items_4, d_15, swamp_1, shoals_1,
          snake_1, spider_1, d_20, vaults_1, items_5, swamp_end, shoals_end,
          snake_end, spider_end, vaults_end, d_27, items_6, zot_1, zot_end,
          crypt_end, forest_end, elf_end, slime_end, tomb_end, abyss_end,
          pan_hell_end]

Skill      XL: |  1  2  3  4  5  6  7  8 |
---------------+-------------------------+-----
Invocations    | 1 3 5 6 7 |  7.7
Short Blades   | 1 3 4 5 6 7 |  7.0
Long Blades    | 1 3 4 5 6 7 |  7.0
Axes           | 1 3 4 5 6 7 |  7.0
Maces & Flails | 1 3 4 5 6 7 |  7.0
Staves         | 1 3 4 5 6 7 |  7.0
Ranged Weapons | 1 3 4 5 6 7 |  7.0
Throwing       | 1 3 4 5 6 7 |  7.0
Dodging        | 1 3 4 5 6 7 |  7.0
Stealth        | 1 3 4 5 6 7 |  7.0
Unarmed Combat | 1 3 4 5 6 7 |  7.0
Spellcasting   | 1 3 4 5 6 7 |  7.0
Evocations     | 1 3 4 5 6 7 |  7.0
Conjurations   | 2 3 4 5 |  5.8
Hexes          | 2 3 4 5 |  5.8
Summonings     | 2 3 4 5 |  5.8
Necromancy     | 2 3 4 5 |  5.8
Translocations | 2 3 4 5 |  5.8
Transmutations | 2 3 4 5 |  5.8
Fire Magic     | 2 3 4 5 |  5.8
Ice Magic      | 2 3 4 5 |  5.8
Air Magic      | 2 3 4 5 |  5.8
Earth Magic    | 2 3 4 5 |  5.8
Poison Magic   | 2 3 4 5 |  5.8
Fighting       | 7 8 9 |  9.7
Polearms       | 5 6 7 8 |  8.5
Armour         | 7 8 9 |  9.7
Shields        | 7 8 9 |  9.7

Action                     |  1- 3 |  4- 6 |  7- 9 || total
---------------------------+-------+-------+-------++-------
  Melee: Trident           |    28 |     8 |       ||    36
         Bite              |     3 |     2 |     4 ||     9
         War axe           |       |    17 |    39 ||    56
    Use: Potion            |     3 |     1 |     2 ||     6
 Armour: Scale mail        |     7 |       |       ||     7
         Ring mail         |       |     5 |    14 ||    19
  Dodge: Dodged            |     5 |    12 |    24 ||    41
  Block: Buckler           |     8 |     8 |    13 ||    29
